cohdb
Replays
Latest Replays
All Replays
Popular Replays
Top Player Replays
Match Explorer
How It Works
Community
CoH3 Stats
Reddit
Sign in to upload your games and track your stats! →
Sign in with Steam
Match 38464661
Unlisted
Match 38464661
Overview
Messages
Build Orders
End
Pioneer Squad
Construct Infanterie Kompanie
Selects Mechanized Battlegroup
MG 42 Machine Gun Team
Grenadier Squad
Grenadier Squad
Grenadier Squad
Medical Station
Construct Panzergrenadier Kompanie
Support Elements
StuG III G Assault Gun
Selects Raid Package
Selects StuG Assault Group
Selects UNKNOWN (2160084)
Panzergrenadier Officer Quarters
see you again
松坂砂糖
BigTiddyLebron
E-DUB| KIL
0
0
Comments
sign in to comment!
No comments posted yet!